 Dungeon Crawl Stone Soup version 0.23.1 (webtiles) character file.

Game seed: 15371870279419051188

372 FunkyPutin the Cudgeler (level 6, -1/38 HPs)
             Began as a Gargoyle Fighter on Mar 7, 2019.
             Was an Initiate of the Shining One.
             Killed by nerve-wracking pain
             ... invoked by Grinder
              (5 damage)
             ... on level 3 of the Dungeon.
             The game lasted 00:05:33 (2388 turns).

FunkyPutin the Cudgeler (Gargoyle Fighter)          Turns: 2388, Time: 00:05:35

Health: -1/38      AC: 13    Str: 21    XL:     6   Next: 71%
Magic:  6/6        EV:  5    Int:  9    God:    the Shining One [......]
Gold:   114        SH:  9    Dex:  9    Spells: 5/5 levels left

rFire    . . .     SeeInvis .   a - +0 flail
rCold    . . .     Gourm    .   c - +0 shield
rNeg     + . .     Faith    .   n - +0 chain mail
rPois    ∞         Spirit   .   (no helmet)
rElec    +         Reflect  .   (no cloak)
rCorr    .         Harm     .   (no gloves)
MR       .....                  (no boots)
Stlth    ..........             m - amulet of rage
HPRegen  0.12/turn              o - ring of stealth
MPRegen  0.10/turn              (no ring)

@: glowing
A: negative energy resistance 1, electricity resistance, unbreathing,
petrification resistance, rot immunity, AC +4
a: Renounce Religion, Evoke Berserk Rage


You were on level 3 of the Dungeon.
You worshipped the Shining One.
The Shining One was noncommittal.
You were not hungry.

You visited 1 branch of the dungeon, and saw 3 of its levels.

You collected 114 gold pieces.

Inventory:

Hand Weapons
 a - a +0 flail (weapon)
Armour
 b - a +0 scale mail
 c - a +0 shield (worn)
 n - a +0 chain mail (worn)
Jewellery
 h - a +1 ring of protection {unknown}
 m - an amulet of rage (around neck)
 o - a ring of stealth (left hand)
Scrolls
 j - 10 scrolls of remove curse
Potions
 d - a potion of resistance {unknown}
 e - a potion of magic {unknown}
 i - a potion of haste {unknown}
 l - a potion of berserk rage {unknown}
 p - a potion of degeneration {unknown}
Comestibles
 f - 3 rations


   Skills:
 + Level 4.0 Fighting
 * Level 5.4 Maces & Flails
 + Level 4.3 Armour
 + Level 4.3 Shields


You had 5 spell levels left.
You didn't know any spells.
Your spell library was empty.

Dungeon Overview and Level Annotations

Branches:
Dungeon (3/15)

Altars:
Hepliaklqana
Makhleb
Qazlal
Ru
Uskayaw
Yredelemnul
The Shining One

Annotations:
D:3 Grinder


Innate Abilities, Weirdness & Mutations

You are resistant to torment.
Your stone body is resilient. (AC +4)
You are immune to poison.
You resist negative energy. (rN+)
You are resistant to electric shocks. (rElec)
You can survive without breathing.
You are immune to petrification.
You are immune to rotting.


Message History

You thump the orc!
You kill the orc!
The orc hits you but does no damage. You block the orc's attack.
Your shield and chain mail prevent you from hitting the orc.
You block the orc's attack. The orc hits you but does no damage.
You sock the orc!
You kill the orc!
You block the orc's attack.
You hit the orc.
The orc is lightly wounded.
You block the orc's attack. The orc hits you but does no damage.
Grinder blinks!
You hit the orc but do no damage.
The orc is lightly wounded.
The orc hits you with a +0 mace.
* * * LOW HITPOINT WARNING * * *
You block the orc's attack. Grinder gestures at you.
Pain shoots through your body!
You die...

#.....#†#.#.#.#.#
.#...........#.#.######
...^..................#### ###
...............#.........#
...###########.#.##########..#.#
...............#.....<.......#.#
...........#################...#
...........#################...##
.....5....÷'..5.@o...............
...........######o.............#.
...........# #.############.#.
...........# #.# #.#.
....÷.÷....# #.# #.#.
...###)##### #.# #... ...# #.#
#.# #... ...# #.## #.# #...
...###5.### #...


You could see Grinder and 2 orcs.

Vanquished Creatures
  Sigmund (D:3)
  3 orc wizards (D:3)
  4 adders
  3 oozes (D:1)
  2 worms (D:2)
  8 orcs (D:3)
  5 bats
  A giant cockroach (D:3)
  13 goblins
  4 hobgoblins
  2 jackals (D:2)
  2 quokkas (D:3)
  A ball python (D:3)
  3 frilled lizards
  7 kobolds
  7 rats
  A spectral orc (D:2)
67 creatures vanquished.

Notes
Turn   | Place    | Note
-------+----------+-------------------------------------------
     0 | D:1      | FunkyPutin the Gargoyle Fighter began the quest for the
                  | Orb.
     0 | D:1      | Reached XP level 1. HP: 14/14 MP: 1/1
    76 | D:1      | Reached XP level 2. HP: 19/19 MP: 2/2
   303 | D:1      | Reached XP level 3. HP: 23/23 MP: 3/3
   792 | D:2      | Reached skill level 3 in Maces & Flails
   882 | D:2      | Found a burning altar of Makhleb.
   884 | D:2      | Found a glowing golden altar of the Shining One.
   887 | D:2      | Reached XP level 4. HP: 28/28 MP: 4/4
   894 | D:2      | Became a worshipper of the Shining One
   989 | D:2      | Noticed a +0 dagger
   997 | D:2      | Noticed a +0 dagger
  1016 | D:2      | Found a hide-covered altar of Uskayaw.
  1327 | D:2      | Found a stormy altar of Qazlal.
  1423 | D:2      | Found a basalt altar of Yredelemnul.
  1523 | D:3      | Noticed Sigmund
  1534 | D:3      | HP: 1/29 [something (6)]
  1553 | D:3      | Killed Sigmund
  1553 | D:3      | Reached skill level 4 in Maces & Flails
  1553 | D:3      | Reached XP level 5. HP: 7/33 MP: 5/5
  1553 | D:3      | Reached XP level 6. HP: 8/38 MP: 6/6
  1804 | D:3      | Found a sacrificial altar of Ru.
  1815 | D:3      | Reached skill level 5 in Maces & Flails
  2331 | D:3      | Found a hazy altar of Hepliaklqana.
  2334 | D:3      | Noticed Grinder
  2334 | D:3      | Paralysed by Grinder for 2 turns
  2388 | D:3      | Killed from afar by Grinder

Skill      XL: |  1  2  3  4  5  6 |
---------------+-------------------+-----
Maces & Flails | 3 4 5 |  5.4
Armour         | 4 |  4.3
Shields        | 4 |  4.3
Fighting       | 4 |  4.0

Action                   |  1- 3 |  4- 6 || total
-------------------------+-------+-------++-------
Melee: Flail             |   101 |   136 ||   237
  Use: Scroll            |       |     5 ||     5
       Potion            |       |     5 ||     5
  Eat: Chunk             |       |     2 ||     2
       Ration            |       |     1 ||     1
Armor: Scale mail        |    42 |       ||    42
       Chain mail        |    25 |    83 ||   108
Dodge: Dodged            |    29 |    18 ||    47
Block: Shield            |    50 |    72 ||   122
